 Dungeon Crawl Stone Soup version 0.21.0-3-g78d12a8 (webtiles) character file.

728 asthiss the Skirmisher (level 7, 0/60 HPs)
             Began as a Minotaur Fighter on Jan 10, 2018.
             Was a Believer of Okawaru.
             Killed by nerve-wracking pain
             ... invoked by Menkaure
              (8 damage)
             ... on level 4 of the Dungeon.
             The game lasted 00:13:40 (2402 turns).

asthiss the Skirmisher (Minotaur Fighter)           Turns: 2402, Time: 00:13:41

Health: 0/60       AC: 10    Str: 27    XL:     7   Next: 44%
Magic:  4/6        EV: 11    Int:  5    God:    Okawaru [**....]
Gold:   171        SH: 12    Dex: 10    Spells: 6/6 levels left

rFire    . . .     SeeInvis .   a - +1 long sword
rCold    . . .     Gourm    .   c - +0 shield
rNeg     . . .     Faith    .   b - +1 scale mail
rPois    .         Spirit   .   (helmet unavailable)
rElec    .         Reflect  .   (no cloak)
rCorr    .         Harm     .   (no gloves)
MR       .....                  i - +0 pair of boots
Stlth    +.........             (no amulet)
HPRegen  0.20/turn              (no ring)
MPRegen  0.10/turn              (no ring)

@: mighty, heroism
A: retaliatory headbutt, fangs 1, horns 3, frail 1
a: Heroism, Renounce Religion


You were on level 4 of the Dungeon.
You worshipped Okawaru.
Okawaru was pleased with you.
You were not hungry.

You visited 1 branch of the dungeon, and saw 4 of its levels.

You collected 171 gold pieces.

Inventory:

Hand Weapons
 a - a +1 long sword (weapon)
Armour
 b - a +1 scale mail (worn)
 c - a +0 shield (worn)
 e - a +0 ring mail
 i - a +0 pair of boots (worn)
Jewellery
 k - a cursed ring of teleportation
Wands
 h - a wand of polymorph (11)
Potions
 d - 2 potions of might
 j - a potion of brilliance {unknown}
Comestibles
 f - 7 rations
 g - 2 chunks of flesh


   Skills:
 * Level 7.9(12.9) Fighting
 * Level 7.4(12.4) Long Blades
 - Level 3.6(8.6) Armour
 - Level 3.6(8.6) Shields


You had 6 spell levels left.
You didn't know any spells.

Dungeon Overview and Level Annotations

Branches:
Dungeon (4/15)
 Temple: D:4-7

Altars:
Okawaru

Annotations:
D:4 Menkaure


Innate Abilities, Weirdness & Mutations

You reflexively headbutt those who attack you in melee.
You have a pair of large horns on your head.
You have very sharp teeth.
You are frail. (-10% HP)


Message History

Menkaure, Prince of Dust comes into view.
Menkaure shouts!
Menkaure calls on the powers of darkness!
Your body is wracked with pain!
Found a ruby potion.
You start resting.
Menkaure calls on the powers of darkness!
Your body is wracked with pain!
* * * LOW HITPOINT WARNING * * *
You gain the combat prowess of a mighty hero.
Menkaure calls on the powers of darkness!
Your body is wracked with pain!
* * * LOW HITPOINT WARNING * * *
You aren't carrying any spellbooks or scrolls.
You feel very mighty all of a sudden.
Menkaure gestures at you while chanting.
You struggle to resist.
Menkaure points at you and mumbles some strange words.
Pain shoots through your body!
You die...

#.# ..# ### ### ..#
######### #.#### #####
#.@.....# #...#.. ..(#
#M#####!#
..#.#.#####.###.#### #
#...#.##....)......#
.........##.###........
#####.......# #..#.#..M
#.....(.# #........
#####.......# #..#...#
...##.......# #..##..#


You could see Menkaure.

Vanquished Creatures
  Grinder (D:3)
  An ogre (D:4)
  6 orc priests
  2 orc wizards
  Jessica (D:3)
  Ijyb (D:3)
  Terence (D:2)
  A worker ant (D:4)
  2 adders
  2 oozes
  A worm (D:2)
  3 dart slugs
  4 leopard geckos
  11 orcs
  7 bats
  9 goblins
  8 hobgoblins
  6 jackals (D:3)
  4 frilled lizards
  15 kobolds
  6 rats
92 creatures vanquished.

Notes
Turn   | Place    | Note
-------+----------+-------------------------------------------
     0 | D:1      | asthiss the Minotaur Fighter began the quest for the Orb.
     0 | D:1      | Reached XP level 1. HP: 19/19 MP: 0/0
   114 | D:1      | Reached XP level 2. HP: 17/27 MP: 1/1
   340 | D:1      | Gained mutation: You have a pair of large horns on your head. [potion of mutation]
   340 | D:1      | Gained mutation: You are frail. (-10% HP) [potion of mutation]
   340 | D:1      | Gained mutation: You have very sharp teeth. [potion of mutation]
   561 | D:1      | Reached XP level 3. HP: 25/30 MP: 2/2
   791 | D:2      | Found an iron altar of Okawaru.
   807 | D:2      | Became a worshipper of Warmaster Okawaru
   841 | D:2      | Noticed Terence
   850 | D:2      | Killed Terence
   850 | D:2      | Reached XP level 4. HP: 35/36 MP: 3/3
   871 | D:2      | Reached skill level 5 in Fighting
  1388 | D:3      | Noticed Grinder
  1399 | D:3      | Paralysed by Grinder for 6 turns
  1422 | D:3      | Killed Grinder
  1422 | D:3      | Reached * piety under Okawaru
  1422 | D:3      | Reached skill level 5 in Long Blades
  1422 | D:3      | Reached XP level 5. HP: 28/45 MP: 4/4
  1422 | D:3      | Reached XP level 6. HP: 33/52 MP: 5/5
  1443 | D:3      | Noticed Ijyb
  1450 | D:3      | Killed Ijyb
  1657 | D:3      | Reached ** piety under Okawaru
  1733 | D:3      | Noticed Jessica
  1737 | D:3      | Killed Jessica
  2207 | D:4      | Reached XP level 7. HP: 59/59 MP: 6/6
  2386 | D:4      | Noticed Menkaure
  2402 | D:4      | Killed from afar by Menkaure

Skill      XL: |  1  2  3  4  5  6  7 |
---------------+----------------------+-----
Fighting       | 4 6 7 |  7.9
Long Blades    | 3 4 5 6 7 |  7.4
Armour         | |  3.6
Shields        | |  3.6

Action                   |  1- 3 |  4- 6 |  7- 9 || total
-------------------------+-------+-------+-------++-------
Melee: Long sword        |    70 |   104 |    24 ||   198
       Headbutt          |    16 |    19 |     7 ||    42
       Bite              |     3 |     5 |     2 ||    10
Invok: Heroism           |       |       |     1 ||     1
  Use: Scroll            |     5 |     3 |     1 ||     9
       Potion            |     1 |     1 |     1 ||     3
  Eat: Chunk             |       |     4 |     1 ||     5
Armor: Scale mail        |    26 |    36 |     6 ||    68
Dodge: Dodged            |    21 |    34 |     3 ||    58
Block: Shield            |    33 |    47 |     8 ||    88
       Rpst.: Long sword |     4 |    10 |     2 ||    16
